[Event "ICC tourney 2395 (75 10)"]
[Site "Internet Chess Club"]
[Date "2021.02.21"]
[Round "4"]
[White "JavierDix"]
[Black "NYHernandez"]
[Result "1-0"]
[ICCResult "Black checkmated"]
[WhiteElo "1422"]
[BlackElo "1335"]
[Opening "Queen's bishop game"]
[ECO "D02"]
[NIC "QP.06"]
[Time "11:03:03"]
[PlyCount "115"]
[TimeControl "4500+10"]

1. d4 Nf6 2. Nf3 d5 3. Bf4 Bf5 4. e3 e6 5. Nbd2 c5 6. Bb5+ Nc6 7. Ne5 Rc8
8. Nxc6 bxc6 9. Ba6 Be7 10. Bxc8 Qxc8 11. O-O O-O 12. Nf3 cxd4 13. exd4 c5
14. Nh4 cxd4 15. Nxf5 exf5 16. Be5 Re8 17. Bxd4 a6 18. Re1 Bd8 19. Rxe8+
Nxe8 20. Qe2 Nf6 21. Re1 h6 22. Bxf6 Bxf6 23. Qe8+ Qxe8 24. Rxe8+ Kh7 25.
c3 d4 26. cxd4 Bxd4 27. b3 a5 28. Rb8 Be5 29. Rb5 Bc3 30. Rxf5 f6 31. Rb5
Kg6 32. a3 Kf7 33. b4 a4 34. Ra5 Ke6 35. Rxa4 Kd5 36. Ra5+ Kd4 37. Ra7 Bb2
38. a4 Ba3 39. b5 Bf8 40. b6 Bc5 41. a5 g5 42. Rd7+ Kc4 43. b7 Ba7 44. Rd8
Kb5 45. b8=Q+ Bxb8 46. Rxb8+ Kxa5 47. f3 f5 48. Kf2 f4 49. g4 fxg3+ 50.
hxg3 Ka6 51. g4 Ka7 52. Rb1 Ka6 53. Ke3 Ka7 54. Kd4 Ka6 55. Kc5 Ka7 56. Kc6
Ka8 57. Kc7 Ka7 58. Ra1# { Black checkmated } 1-0

[Event "ICC tourney 2395 (75 10)"]
[Site "Internet Chess Club"]
[Date "2021.02.21"]
[Round "4"]
[White "missqueen"]
[Black "Loftiss82"]
[Result "0-1"]
[ICCResult "White forfeits on time"]
[WhiteElo "1310"]
[BlackElo "1342"]
[Opening "Sicilian: Najdorf"]
[ECO "B90"]
[NIC "SI.14"]
[Time "11:03:03"]
[PlyCount "66"]
[TimeControl "4500+10"]

1. e4 c5 2. Nf3 d6 3. d4 cxd4 4. Nxd4 Nf6 5. Nc3 a6 6. f3 g6 7. Be3 Nbd7 8.
Qd2 Bg7 9. O-O-O Qa5 10. Nb3 Qd8 11. h3 Ne5 12. f4 Nc6 13. g4 Be6 14. g5
Nd7 15. Nd5 O-O 16. h4 Bg4 17. Re1 Bf3 18. Bg2 Bh5 19. f5 e6 20. Nf4 exf5
21. exf5 Nde5 22. f6 Bxf6 23. Nxh5 gxh5 24. gxf6 Qxf6 25. Bxc6 bxc6 26.
Reg1+ Ng6 27. Rg5 c5 28. Rxh5 Qf3 29. Rg1 Qxh5 30. Qxd6 Qxh4 31. Bxc5 Rfe8
32. Bb4 Rad8 33. Qxa6 Qf2 { White forfeits on time } 0-1

[Event "ICC tourney 2395 (75 10)"]
[Site "Internet Chess Club"]
[Date "2021.02.21"]
[Round "4"]
[White "awakeprize"]
[Black "Alexkidd"]
[Result "1-0"]
[ICCResult "Black checkmated"]
[WhiteElo "1478"]
[BlackElo "1346"]
[Opening "Scotch gambit"]
[ECO "C44"]
[NIC "SO.06"]
[Time "11:02:07"]
[PlyCount "57"]
[TimeControl "4500+10"]

1. e4 e5 2. Nf3 Nc6 3. d4 exd4 4. Bc4 Bc5 5. c3 dxc3 6. Bxf7+ Kxf7 7. Qd5+
Ke8 8. Qh5+ g6 9. Qxc5 Nge7 10. Qxc3 Rg8 11. Ng5 h6 12. Nh7 Kf7 13. Bxh6 d5
14. Qf3+ Ke6 15. Nf8+ Kd6 16. e5+ Kc5 17. Qc3+ Kb6 18. Qb3+ Ka6 19. Qd3+
Kb6 20. Qb3+ Ka6 21. Qa4+ Kb6 22. Qb3+ Ka6 23. Qa4+ Kb6 24. b4 a6 25. b5
Na7 26. Be3+ c5 27. bxc6+ Kc7 28. Qa5+ Kxc6 29. Qc5# { Black checkmated }
1-0

[Event "ICC tourney 2395 (75 10)"]
[Site "Internet Chess Club"]
[Date "2021.02.21"]
[Round "4"]
[White "ChalsparoV"]
[Black "marinaxiao"]
[Result "1-0"]
[ICCResult "Black resigns"]
[WhiteElo "1591"]
[BlackElo "1493"]
[Opening "King's Indian: London system"]
[ECO "A48"]
[NIC "QP.03"]
[Time "11:02:11"]
[PlyCount "109"]
[TimeControl "4500+10"]

1. d4 Nf6 2. Nf3 g6 3. Bf4 Bg7 4. e3 d6 5. Nbd2 O-O 6. h3 Nc6 7. Bb5 Bd7 8.
O-O a6 9. Ba4 b5 10. Bb3 e6 11. c3 Qe7 12. Re1 Nh5 13. Bh2 Kh8 14. Bc2 e5
15. Qe2 Rae8 16. dxe5 dxe5 17. a4 bxa4 18. Bxa4 e4 19. Nd4 Nxd4 20. cxd4
Bb5 21. Bxb5 axb5 22. Nb3 c6 23. Ra6 Rc8 24. Rea1 Nf6 25. Nc5 Nd5 26. Ra7
Qg5 27. Nxe4 Qh4 28. Nd6 Rc7 29. Rxc7 Nxc7 30. Nxf7+ Rxf7 31. Bxc7 Rxc7 32.
Ra8+ Bf8 33. Qf3 Qe7 34. Qxf8+ Qxf8 35. Rxf8+ Kg7 36. Ra8 Kf6 37. b4 Ke6
38. Ra3 Kd5 39. Rc3 Ra7 40. Rc5+ Kd6 41. e4 Ra4 42. d5 cxd5 43. Rxd5+ Kc6
44. Rd4 Ra1+ 45. Kh2 Re1 46. f4 Rc1 47. Kg3 Rc4 48. Rxc4+ bxc4 49. Kf3 Kb5
50. Ke3 Kxb4 51. Kd2 Kb3 52. Kc1 c3 53. e5 Kc4 54. e6 Kd5 55. e7 { Black
resigns } 1-0

[Event "ICC tourney 2395 (75 10)"]
[Site "Internet Chess Club"]
[Date "2021.02.21"]
[Round "4"]
[White "LW-PE"]
[Black "chessprogidy"]
[Result "0-1"]
[ICCResult "White resigns"]
[WhiteElo "1485"]
[BlackElo "1341"]
[Opening "Sicilian: Najdorf, 6.Bg5"]
[ECO "B94"]
[NIC "SI.04"]
[Time "11:02:11"]
[PlyCount "94"]
[TimeControl "4500+10"]

1. e4 c5 2. Nf3 d6 3. d4 cxd4 4. Nxd4 Nf6 5. Nc3 a6 6. Bg5 Nbd7 7. Qd2 h6
8. Bh4 g6 9. f3 Bg7 10. Bf2 O-O 11. O-O-O Nb8 12. g4 Nc6 13. Be2 Nxd4 14.
Bxd4 Kh7 15. h4 Qa5 16. g5 Ng8 17. Bxg7 Kxg7 18. f4 h5 19. Rdf1 Be6 20. a3
Rac8 21. Rf3 Rc7 22. Qd4+ Kh7 23. Nd5 Bxd5 24. exd5 Rfc8 25. Bd3 Rc5 26. f5
f6 27. gxf6 Nxf6 28. Re3 Qc7 29. fxg6+ Kg7 30. Rh2 Rxd5 31. Qc3 Rc5 32. Qe1
e5 33. Rf2 b5 34. Ref3 Rf8 35. Qe3 d5 36. Qg5 Rc6 37. Rxf6 Rfxf6 38. Rxf6
Rxf6 39. Qxh5 Kg8 40. Qg5 Qg7 41. h5 e4 42. Be2 Qe7 43. Qg3 Qf8 44. b4 Qh6+
45. Kb2 Qg7 46. Qg5 Rf5+ 47. c3 Rxg5 { White resigns } 0-1

[Event "ICC tourney 2395 (75 10)"]
[Site "Internet Chess Club"]
[Date "2021.02.21"]
[Round "4"]
[White "MathMonkey"]
[Black "ruhanv"]
[Result "1-0"]
[ICCResult "Black checkmated"]
[WhiteElo "1332"]
[BlackElo "1245"]
[Opening "Caro-Kann: Steinitz variation"]
[ECO "B17"]
[NIC "CK.08"]
[Time "11:02:12"]
[PlyCount "129"]
[TimeControl "4500+10"]

1. e4 c6 2. d4 d5 3. Nc3 dxe4 4. Nxe4 Nd7 5. Nf3 Ngf6 6. Nxf6+ Nxf6 7. Bd3
Bg4 8. c3 Qd5 9. h3 Bxf3 10. Qxf3 Qxf3 11. gxf3 Rd8 12. Be3 e6 13. Rg1 h6
14. O-O-O g6 15. Rde1 Bd6 16. f4 Kd7 17. f3 Nd5 18. Bd2 Bxf4 19. Rg4 g5 20.
c4 Bxd2+ 21. Kxd2 Nf4 22. h4 f5 23. Rgg1 Rdg8 24. Bf1 Ke7 25. b4 Kf6 26. a4
Rd8 27. Kc3 gxh4 28. Rh1 Ng6 29. Ra1 e5 30. dxe5+ Nxe5 31. Rxh4 Nxf3 32.
Rf4 Ne5 33. Ra2 Kg5 34. Raf2 Rhf8 35. Be2 Ng6 36. R4f3 f4 37. Rg2+ Kf6 38.
Bd3 Rxd3+ 39. Rxd3 Ne5 40. Rd6+ Ke7 41. Rxh6 f3 42. Rf2 Ng4 43. Rh7+ Ke8
44. Rf1 Kd8 45. Rxb7 Kc8 46. Rxa7 Kb8 47. Re7 Nh2 48. Rf2 Ng4 49. Rf1 Nh2
50. Ree1 Nxf1 51. Rxf1 f2 52. Kd4 Rf4+ 53. Kc5 Kc7 54. a5 Rf5+ 55. Kd4 Rf4+
56. Kd3 c5 57. b5 Kb7 58. Ke3 Rxc4 59. Rxf2 Ra4 60. Rf7+ Kb8 61. a6 Rb4 62.
Rb7+ Ka8 63. b6 Rd4 64. Rc7 Rd6 65. Rc8# { Black checkmated } 1-0

[Event "ICC tourney 2395 (75 10)"]
[Site "Internet Chess Club"]
[Date "2021.02.21"]
[Round "4"]
[White "joeandjoe28"]
[Black "ZYCON"]
[Result "1-0"]
[ICCResult "Black resigns"]
[WhiteElo "1412"]
[BlackElo "1458"]
[Opening "Sicilian: dragon, Yugoslav attack, 10.O-O-O"]
[ECO "B78"]
[NIC "SI.18"]
[Time "11:02:10"]
[PlyCount "123"]
[TimeControl "4500+10"]

1. e4 c5 2. Nf3 d6 3. d4 cxd4 4. Nxd4 Nf6 5. Nc3 g6 6. f3 Bg7 7. Be3 O-O 8.
Qd2 Nc6 9. Bc4 Bd7 10. O-O-O a6 11. g4 Rc8 12. Bb3 Na5 13. Kb1 Nxb3 14.
Nxb3 b5 15. h4 a5 16. Nd4 b4 17. Nce2 Qc7 18. h5 Rb8 19. hxg6 fxg6 20. Nf4
Kf7 21. g5 Ng8 22. Nde2 h5 23. Qd5+ e6 24. Qxd6 Qxd6 25. Rxd6 Bb5 26. Nc1
Be5 27. Rdd1 Rbe8 28. Nfd3 Bc7 29. Nb3 e5 30. Ndc5 a4 31. Nc1 Kg7 32. Rh3
Rf7 33. N1d3 Ba5 34. Bd2 Bxd3 35. Nxd3 Rb7 36. Nc5 Rb5 37. Nxa4 Rd8 38. Kc1
Ne7 39. Rhh1 Rf8 40. Rhf1 Nc6 41. Be3 Nd4 42. Bxd4 exd4 43. f4 Bc7 44. e5
Ra5 45. b3 Kg8 46. Kd2 Rd8 47. Ke2 Kf7 48. Rf3 Bb8 49. Rfd3 Ba7 50. Ra1 Ke6
51. a3 bxa3 52. Rxa3 Kf5 53. Kf3 Bc5 54. Ra1 Ba7 55. Rad1 Rc8 56. c3 dxc3
57. Rd6 Rf8 58. Nxc3 Bb8 59. Rc6 Ra3 60. Rb1 Bxe5 61. Rc5 Re8 62. Ne2 {
Black resigns } 1-0

[Event "ICC tourney 2395 (75 10)"]
[Site "Internet Chess Club"]
[Date "2021.02.21"]
[Round "5"]
[White "Kokosnuss1000"]
[Black "michaelxiao"]
[Result "1-0"]
[ICCResult "Black checkmated"]
[WhiteElo "1450"]
[BlackElo "1310"]
[Opening "French: exchange variation"]
[ECO "C01"]
[NIC "FR.01"]
[Time "14:34:01"]
[PlyCount "51"]
[TimeControl "4500+10"]

1. e4 e6 2. d4 d5 3. exd5 exd5 4. Nf3 Nf6 5. Bd3 Bd6 6. O-O O-O 7. Nc3 Bg4
8. Bg5 Nbd7 9. Nxd5 c6 10. Nxf6+ Nxf6 11. Qe2 Re8 12. Qd1 h5 13. Re1 Rxe1+
14. Qxe1 Bxf3 15. gxf3 Be7 16. Qe2 Qd7 17. Re1 Bd6 18. Bxf6 gxf6 19. Qe4 f5
20. Qh4 Bf8 21. Qxh5 Qxd4 22. Bxf5 Bg7 23. Bh7+ Kf8 24. Re4 Qf6 25. Qc5+
Qd6 26. Qxd6# { Black checkmated } 1-0

[Event "ICC tourney 2395 (75 10)"]
[Site "Internet Chess Club"]
[Date "2021.02.21"]
[Round "5"]
[White "Loftiss82"]
[Black "EricCheng-131"]
[Result "1-0"]
[ICCResult "Black resigns"]
[WhiteElo "1342"]
[BlackElo "1340"]
[Opening "Giuoco Pianissimo: Italian four knights variation"]
[ECO "C50"]
[NIC "IG.02"]
[Time "14:34:06"]
[PlyCount "85"]
[TimeControl "4500+10"]

1. e4 e5 2. Nf3 Nc6 3. Bc4 Bc5 4. Nc3 Nf6 5. d3 h6 6. Nd5 O-O 7. h3 d6 8.
c3 Be6 9. Be3 Bb6 10. Qd2 Bxd5 11. Bxd5 Nxd5 12. exd5 Ne7 13. c4 c5 14. O-O
Nf5 15. g4 Ba5 16. Qc1 Nh4 17. Nxh4 Qxh4 18. Kg2 f5 19. Qd1 f4 20. Bd2 f3+
21. Kh2 Bxd2 22. Qxd2 Rf4 23. Rg1 g5 24. Raf1 e4 25. dxe4 Re8 26. Rg3 Rexe4
27. Qd3 Rxc4 28. Qg6+ Kh8 29. Qe8+ Kh7 30. Qe7+ Kh8 31. Qxd6 Rc2 32. Qb8+
Kg7 33. Qxb7+ Rf7 34. Qb3 Re2 35. Qc3+ Kg8 36. Qxc5 Rxb2 37. Qc8+ Kh7 38.
Qc3 Rxa2 39. d6 Re2 40. Qd3+ Kg7 41. d7 Rf8 42. d8=Q Rxd8 43. Qxd8 { Black
resigns } 1-0

[Event "ICC tourney 2395 (75 10)"]
[Site "Internet Chess Club"]
[Date "2021.02.21"]
[Round "5"]
[White "sassymareese"]
[Black "Florina12345"]
[Result "1-0"]
[ICCResult "Black resigns"]
[WhiteElo "1380"]
[BlackElo "1369"]
[Opening "Ruy Lopez: Steinitz defense deferred (Russian defense)"]
[ECO "C79"]
[NIC "RL.12"]
[Time "14:34:01"]
[PlyCount "81"]
[TimeControl "4500+10"]

1. e4 e5 2. Nf3 Nc6 3. Bb5 a6 4. Ba4 Nf6 5. O-O d6 6. d3 b5 7. Bb3 Be7 8.
h3 O-O 9. c3 Na5 10. Bc2 Re8 11. d4 exd4 12. cxd4 Bf8 13. Nc3 Bb7 14. Bg5
h6 15. Bxf6 Qxf6 16. Re1 Nc6 17. d5 Ne5 18. Nxe5 dxe5 19. Qd2 Rad8 20. Qe2
Bc5 21. Bb3 Qd6 22. Red1 Bd4 23. Rac1 Rf8 24. Rd3 Kh8 25. Nd1 c5 26. dxc6
Bxc6 27. Rg3 f5 28. exf5 Rxf5 29. Qg4 Rg5 30. Qh4 Rxg3 31. Rxc6 Qxc6 32.
Qxd8+ Kh7 33. Qg8+ Kg6 34. Bf7+ Kf6 35. Bd5 Qd7 36. Qf8+ Kg5 37. Be4 Kh4
38. Kf1 Rg5 39. g3+ Kxh3 40. Qf3 Qe6 41. g4+ { Black resigns } 1-0

[Event "ICC tourney 2395 (75 10)"]
[Site "Internet Chess Club"]
[Date "2021.02.21"]
[Round "5"]
[White "niftyfountain"]
[Black "hello12"]
[Result "0-1"]
[ICCResult "White checkmated"]
[WhiteElo "1330"]
[BlackElo "1423"]
[Opening "Sicilian: Anderssen variation"]
[ECO "B41"]
[NIC "SI.41"]
[Time "14:33:53"]
[PlyCount "116"]
[TimeControl "4500+10"]

1. e4 c5 2. Nf3 e6 3. d4 cxd4 4. Nxd4 Nf6 5. Nc3 Nc6 6. Be3 Bb4 7. Nxc6
bxc6 8. Bd3 d5 9. exd5 cxd5 10. Bb5+ Bd7 11. Bxd7+ Qxd7 12. Bd2 O-O 13. O-O
Bd6 14. Qf3 Rab8 15. Rab1 Qc6 16. Qd3 Rfc8 17. Rfc1 Bc5 18. Bf4 Rb4 19. Bg3
Nh5 20. Ne2 Nxg3 21. Nxg3 Rcb8 22. b3 Rf4 23. Rf1 Rbb4 24. Ne2 Rf6 25. Rbd1
Rg4 26. Ng3 Qb6 27. Rd2 Qb4 28. a4 Rd4 29. c3 Rxd3 30. cxb4 Rxd2 31. bxc5
Rc2 32. b4 Rf4 33. Rb1 Rfc4 34. h3 Rc1+ 35. Rxc1 Rxc1+ 36. Kh2 Rc4 37. Kg1
Rxb4 38. a5 Rc4 39. Kf1 Rxc5 40. a6 Ra5 41. Ke2 Rxa6 42. Nf1 Ra2+ 43. Ke1
a5 44. Kd1 Ra1+ 45. Ke2 a4 46. Nd2 Ra2 47. Kd1 a3 48. Kc1 Rxd2 49. Kxd2 a2
50. Kc2 a1=Q 51. Kd3 Qa3+ 52. Kd4 Qb2+ 53. Ke3 d4+ 54. Kf3 d3 55. Ke3 d2
56. Ke2 Qc2 57. Ke3 d1=Q 58. f4 Qce2# { White checkmated } 0-1

[Event "ICC tourney 2395 (75 10)"]
[Site "Internet Chess Club"]
[Date "2021.02.21"]
[Round "5"]
[White "Deepbrainfinal"]
[Black "LW-PE"]
[Result "1/2-1/2"]
[ICCResult "Game drawn by mutual agreement"]
[WhiteElo "1415"]
[BlackElo "1485"]
[Opening "QGD semi-Slav: 5.e3"]
[ECO "D45"]
[NIC "SL.08"]
[Time "14:33:56"]
[PlyCount "101"]
[TimeControl "4500+10"]

1. d4 d5 2. c4 e6 3. e3 Nf6 4. Nc3 c6 5. Nf3 Bd6 6. Bd3 dxc4 7. Bxc4 b5 8.
Bb3 Bb7 9. O-O O-O 10. Re1 Nbd7 11. Bd2 Rc8 12. Rc1 a6 13. a3 c5 14. dxc5
Nxc5 15. Bc2 Bb8 16. b4 Nce4 17. Nxe4 Nxe4 18. Bxe4 Bxe4 19. Rxc8 Qxc8 20.
Qc1 Qb7 21. Qd1 Rd8 22. Nd4 Bxg2 23. Qg4 Be4 24. Bc3 Bg6 25. Qh4 Rc8 26.
Rc1 h6 27. Ne2 Qf3 28. Ng3 Bxg3 29. Qxg3 Qxg3+ 30. hxg3 Be4 31. Kf1 Bf3 32.
Ke1 f6 33. Bd2 Rc6 34. Rxc6 Bxc6 35. Ke2 Kf7 36. Kd3 e5 37. e4 g5 38. g4
Kg6 39. f3 h5 40. Be1 h4 41. Bf2 Bd7 42. Kc3 Be6 43. Kd3 Bc4+ 44. Ke3 Kf7
45. Be1 Ke7 46. Bf2 Kd7 47. Bg1 Kc6 48. Bf2 Kb7 49. Bg1 Bb3 50. Kd3 a5 51.
Ke2 { Game drawn by mutual agreement } 1/2-1/2

[Event "ICC tourney 2395 (75 10)"]
[Site "Internet Chess Club"]
[Date "2021.02.21"]
[Round "5"]
[White "Jesserocks135"]
[Black "NYHernandez"]
[Result "1-0"]
[ICCResult "Black checkmated"]
[WhiteElo "1364"]
[BlackElo "1335"]
[Opening "King's Indian defense, 3.Nc3"]
[ECO "E61"]
[NIC "KI.80"]
[Time "14:34:00"]
[PlyCount "101"]
[TimeControl "4500+10"]

1. d4 Nf6 2. c4 g6 3. Nc3 Bg7 4. Bf4 d6 5. Nf3 O-O 6. Qd2 e5 7. dxe5 dxe5
8. Qxd8 Rxd8 9. Bxe5 c5 10. e3 Nc6 11. Bg3 Bf5 12. Be2 Rd7 13. O-O Rad8 14.
Ne5 Nxe5 15. Bxe5 Ne4 16. Nxe4 Bxe5 17. Nxc5 Rc7 18. Na4 Rd2 19. Rfe1 Bd7
20. Nc3 Rxb2 21. Nd5 Rc5 22. Rad1 Be6 23. f4 Rxe2 24. Rxe2 Bg4 25. fxe5
Bxe2 26. Nf6+ Kg7 27. Rd5 Rxc4 28. Ne8+ Kh6 29. Nd6 Rc7 30. Kf2 Rc2 31. Kg3
Bc4 32. Rc5 Bd3 33. Nxf7+ Kg7 34. Rxc2 Bxc2 35. Nd6 b6 36. Kf4 a6 37. Kg5
Bf5 38. Nxf5+ gxf5 39. Kxf5 Kf8 40. Ke6 b5 41. Kd7 b4 42. e6 a5 43. e7+ Kg7
44. e8=Q a4 45. Qe5+ Kg6 46. g4 b3 47. Qf5+ Kg7 48. Ke7 h5 49. Qf6+ Kh7 50.
Kf7 bxa2 51. Qg7# { Black checkmated } 1-0

[Event "ICC tourney 2395 (75 10)"]
[Site "Internet Chess Club"]
[Date "2021.02.21"]
[Round "5"]
[White "khriskruel"]
[Black "BoboTheBox"]
[Result "0-1"]
[ICCResult "White checkmated"]
[WhiteElo "1440"]
[BlackElo "1395"]
[Opening "French: exchange variation"]
[ECO "C01"]
[NIC "FR.01"]
[Time "14:33:58"]
[PlyCount "172"]
[TimeControl "4500+10"]

1. e4 e6 2. d4 d5 3. exd5 exd5 4. Nf3 Nf6 5. Nc3 Bd6 6. Bg5 c6 7. Be2 O-O
8. O-O Bf5 9. Re1 Nbd7 10. Bd3 Bxd3 11. Qxd3 Qc7 12. h3 Rfe8 13. Re2 Rxe2
14. Nxe2 Re8 15. Re1 h6 16. Bh4 Qb6 17. Rb1 Qa5 18. a3 Qb6 19. Bg3 Bxa3 20.
Nh4 Bf8 21. f3 Qd8 22. Ra1 a6 23. Nc1 Nh5 24. Bf2 Be7 25. Nf5 Nf4 26. Nxe7+
Qxe7 27. Qf5 Ne6 28. Nb3 Qf6 29. Qxf6 Nxf6 30. Na5 Nd8 31. Re1 Rxe1+ 32.
Bxe1 b6 33. Nb3 Nb7 34. Bg3 Kf8 35. Bc7 b5 36. g4 Ke7 37. Kf2 Kd7 38. Bb6
Ne8 39. Nc5+ Nxc5 40. Bxc5 Nc7 41. Ke3 Ne6 42. Bb4 Nc7 43. f4 Ne8 44. f5
Nd6 45. b3 g6 46. fxg6 fxg6 47. Kf4 Ke6 48. h4 Ne4 49. Bf8 g5+ 50. hxg5
hxg5+ 51. Ke3 Kd7 52. Bb4 Kc7 53. Be7 Kb7 54. Bc5 a5 55. Kd3 Ka6 56. Ba3 b4
57. Bc1 Kb5 58. Ke2 a4 59. bxa4+ Kxa4 60. Ke3 b3 61. cxb3+ Kxb3 62. Kd3 Kb4
63. Be3 Kb5 64. Kc2 Kc4 65. Bg1 Nf6 66. Be3 Nxg4 67. Bxg5 Kxd4 68. Kd2 c5
69. Kc2 c4 70. Be7 c3 71. Bb4 Ne3+ 72. Kc1 Kd3 73. Ba5 d4 74. Bb4 c2 75.
Be1 Ke2 76. Ba5 d3 77. Bb4 Nc4 78. Bc3 Nb6 79. Ba5 Nd7 80. Bb4 Nc5 81. Bc3
Nb3+ 82. Kb2 c1=Q+ 83. Kxb3 Qxc3+ 84. Ka2 d2 85. Kb1 d1=Q+ 86. Ka2 Qda1# {
White checkmated } 0-1

[Event "ICC tourney 2395 (75 10)"]
[Site "Internet Chess Club"]
[Date "2021.02.21"]
[Round "5"]
[White "akshajp"]
[Black "MathMonkey"]
[Result "1/2-1/2"]
[ICCResult "Game drawn by repetition"]
[WhiteElo "1392"]
[BlackElo "1332"]
[Opening "Queen's pawn game"]
[ECO "D00"]
[NIC "QP.07"]
[Time "14:33:55"]
[PlyCount "101"]
[TimeControl "4500+10"]

1. d4 Nf6 2. Nc3 d5 3. Bf4 g6 4. Nb5 Na6 5. e3 Bg7 6. Nf3 O-O 7. Be2 Bf5 8.
O-O c6 9. Nc3 Nc7 10. Bd3 Bg4 11. h3 Bxf3 12. Qxf3 Ne6 13. Rad1 Nxf4 14.
Qxf4 Qb6 15. b3 Nh5 16. Qf3 Qa5 17. Ne2 e5 18. dxe5 Bxe5 19. e4 dxe4 20.
Bxe4 Rad8 21. a4 Bc7 22. Ng3 Qe5 23. Bd3 Nxg3 24. fxg3 Qxg3 25. Qxg3 Bxg3
26. Rf3 Be5 27. Kh1 Rfe8 28. Rdf1 f5 29. h4 h5 30. g3 Rd4 31. Kg2 Bf6 32.
Kh3 Rg4 33. Kh2 Be5 34. Kh3 Rf8 35. Re1 Bd6 36. Re6 Bc7 37. Re7 Rf7 38. Bc4
Rxc4 39. Rxf7 Rxh4+ 40. gxh4 Kxf7 41. Rd3 Ke6 42. b4 Bd6 43. b5 c5 44. c4
b6 45. Rd5 Ke7 46. Kg2 Ke6 47. Kh3 Bc7 48. Kg2 Bd6 49. Kh3 Kd7 50. Kg2 Ke6
51. Kh3 { Game drawn by repetition } 1/2-1/2

[Event "ICC tourney 2395 (75 10)"]
[Site "Internet Chess Club"]
[Date "2021.02.21"]
[Round "5"]
[White "awakeprize"]
[Black "Fredzhang"]
[Result "0-1"]
[ICCResult "White resigns"]
[WhiteElo "1478"]
[BlackElo "1499"]
[Opening "Sicilian"]
[ECO "B50"]
[NIC "SI.01"]
[Time "14:33:53"]
[PlyCount "90"]
[TimeControl "4500+10"]

1. e4 c5 2. Nf3 d6 3. c3 Nc6 4. d4 Nf6 5. Be2 cxd4 6. cxd4 Nxe4 7. d5 Qa5+
8. Nbd2 Nxd2 9. Nxd2 Qxd5 10. Bf3 Qe5+ 11. Kf1 e6 12. Nc4 Qb5 13. Be2 Qc5
14. Be3 Qd5 15. Qc2 Nd4 16. Bxd4 Qxd4 17. Rd1 Qc5 18. Qb3 Be7 19. Ne3 O-O
20. h4 b6 21. g4 Bb7 22. f3 Rac8 23. Kf2 Bd5 24. Qd3 Bf6 25. g5 Bxb2 26. h5
f6 27. Kg2 Bc6 28. Ng4 f5 29. g6 fxg4 30. h6 gxf3+ 31. Kh3 Qh5+ 32. Kg3
Qg5+ 33. Kh3 Qxh6+ 34. Kg3 Qxg6+ 35. Qxg6 hxg6 36. Bd3 f2 37. Bxg6 Bxh1 38.
Bh7+ Kxh7 39. Rxh1+ Kg8 40. a3 Rc1 41. Rh8+ Kxh8 42. Kh4 f1=Q 43. Kg5 Rc5+
44. Kg4 Rf4+ 45. Kg3 Rc3+ { White resigns } 0-1

[Event "ICC tourney 2395 (75 10)"]
[Site "Internet Chess Club"]
[Date "2021.02.21"]
[Round "5"]
[White "ZYCON"]
[Black "FlowingMelody"]
[Result "0-1"]
[ICCResult "White resigns"]
[WhiteElo "1458"]
[BlackElo "1402"]
[Opening "Queen's gambit declined"]
[ECO "D30"]
[NIC "QP.08"]
[Time "14:33:58"]
[PlyCount "70"]
[TimeControl "4500+10"]

1. d4 d5 2. c4 e6 3. Nf3 Be7 4. e3 Nf6 5. Bd3 O-O 6. O-O b6 7. Nc3 Bb7 8.
cxd5 exd5 9. b3 Nbd7 10. Bb2 Ne4 11. Rc1 Ndf6 12. Nd2 Nxd2 13. Qxd2 a6 14.
Rc2 Bd6 15. h3 Re8 16. Rfc1 Ne4 17. Nxe4 dxe4 18. Be2 Qg5 19. Bc3 c5 20.
Bb2 Bc8 21. g4 h5 22. Qd1 Qh4 23. Kg2 hxg4 24. Bxg4 f5 25. Be2 f4 26. exf4
Qxh3+ 27. Kg1 Bxf4 28. Bc4+ Kh8 29. dxc5 Bh2+ 30. Kh1 Bg3+ 31. Kg1 Qh2+ 32.
Kf1 Bh3+ 33. Ke1 Qg1+ 34. Kd2 Red8+ 35. Kc3 Rxd1 { White resigns } 0-1

[Event "ICC tourney 2395 (75 10)"]
[Site "Internet Chess Club"]
[Date "2021.02.21"]
[Round "5"]
[White "phosur"]
[Black "sganzb00"]
[Result "0-1"]
[ICCResult "White resigns"]
[WhiteElo "1301"]
[BlackElo "1461"]
[Opening "Hungarian defense"]
[ECO "C50"]
[NIC "IG.03"]
[Time "14:33:55"]
[PlyCount "62"]
[TimeControl "4500+10"]

1. e4 e5 2. Nf3 Nc6 3. Bc4 Be7 4. c3 Nf6 5. d3 d6 6. O-O O-O 7. Re1 Bg4 8.
Nbd2 Bh5 9. Nf1 Qd7 10. Ng3 Bg6 11. Bg5 Na5 12. Bb3 Nxb3 13. axb3 a6 14. d4
exd4 15. cxd4 Rfe8 16. Rc1 Bf8 17. Bxf6 gxf6 18. Nh4 d5 19. f3 Rad8 20.
Nhf5 Bb4 21. Re2 b6 22. Nh4 dxe4 23. Nxe4 Kg7 24. Nxg6 fxg6 25. d5 c5 26.
d6 f5 27. Ng5 h6 28. Re7+ Rxe7 29. dxe7 Qxd1+ 30. Rxd1 Rxd1+ 31. Kf2 Re1 {
White resigns } 0-1

[Event "ICC tourney 2395 (75 10)"]
[Site "Internet Chess Club"]
[Date "2021.02.21"]
[Round "5"]
[White "RatislavK"]
[Black "joeandjoe28"]
[Result "1-0"]
[ICCResult "Black checkmated"]
[WhiteElo "1482"]
[BlackElo "1412"]
[Opening "Evans gambit"]
[ECO "C52"]
[NIC "IG.05"]
[Time "14:33:55"]
[PlyCount "83"]
[TimeControl "4500+10"]

1. e4 e5 2. Nf3 Nc6 3. Bc4 Bc5 4. b4 Bxb4 5. c3 Ba5 6. d4 exd4 7. O-O Nf6
8. e5 d5 9. Nxd4 Nxe5 10. Re1 Ne4 11. f3 Nxc4 12. Ba3 Nxa3 13. Qa4+ c6 14.
Qxa3 Bb6 15. fxe4 Be6 16. exd5 Qxd5 17. Kh1 Bxd4 18. cxd4 Qxd4 19. Nc3
O-O-O 20. Red1 Qb6 21. Rab1 Rxd1+ 22. Rxd1 Re8 23. Rb1 Qf2 24. Ne4 Qd4 25.
Nd6+ Kd8 26. Nxb7+ Kd7 27. Nc5+ Kc8 28. Qxa7 Qe5 29. Qb7+ Kd8 30. Rd1+ Qd5
31. Rxd5+ cxd5 32. Qa7 Re7 33. Qb8+ Bc8 34. Qb6+ Ke8 35. Qc6+ Kf8 36. Qxc8+
Re8 37. Nd7+ Ke7 38. Qc6 Kd8 39. h3 Re6 40. Qxd5 Re7 41. Nc5+ Ke8 42. Qa8#
{ Black checkmated } 1-0

[Event "ICC tourney 2395 (75 10)"]
[Site "Internet Chess Club"]
[Date "2021.02.21"]
[Round "5"]
[White "marinaxiao"]
[Black "JavierDix"]
[Result "1-0"]
[ICCResult "Black resigns"]
[WhiteElo "1493"]
[BlackElo "1422"]
[Opening "Robatsch (modern) defense"]
[ECO "B06"]
[NIC "KF.05"]
[Time "14:34:25"]
[PlyCount "93"]
[TimeControl "4500+10"]

1. e4 g6 2. d4 Bg7 3. Nf3 c5 4. dxc5 Qa5+ 5. Bd2 Qxc5 6. Nc3 Nc6 7. Be2 Nd4
8. O-O Nxe2+ 9. Qxe2 d6 10. Be3 Qc6 11. Nd4 Qd7 12. Ndb5 a6 13. Nd4 b5 14.
Nd5 Rb8 15. c4 e6 16. Nb4 Bb7 17. cxb5 axb5 18. Nxb5 Bxe4 19. a4 Bc6 20.
Nxc6 Qxc6 21. Rac1 Qd7 22. Rfd1 d5 23. Bf4 e5 24. Bxe5 Qe7 25. Nc7+ Kf8 26.
Rxd5 Bxe5 27. Rxe5 Qf6 28. Re8+ Rxe8 29. Nxe8 Qe7 30. Qxe7+ Nxe7 31. Nd6
Kg7 32. b4 Rd8 33. Rd1 Kf8 34. Rd2 Nc8 35. Ne4 Rxd2 36. Nxd2 Ke7 37. Kf1
Kd6 38. Ke2 Kd5 39. Kd3 Nd6 40. f3 f5 41. Nf1 Nc4 42. Ne3+ Nxe3 43. Kxe3
Kc4 44. a5 Kb5 45. Kf4 h6 46. Ke5 Kxb4 47. a6 { Black resigns } 1-0